 Dungeon Crawl Stone Soup version 0.29.1-15-g9cfb28693d (webtiles) character file.

Game seed: 6427892724094977294

9 croobank the Sneak (level 2, -1/21 HPs)
             Began as an Octopode Delver on Mar 6, 2023.
             Slain by a jelly (3 damage)
             ... on level 6 of the Dungeon.
             The game lasted 00:02:17 (476 turns).

croobank the Sneak (Octopode Delver)                 Turns: 476, Time: 00:02:18

Health: -1/21      AC: -7    Str: 11    XL:     2   Next: 12%
Magic:  2/2        EV: 13    Int: 12    God:
Gold:   0          SH:  0    Dex: 13    Spells: 1/1 levels left

rFire   . . .      SeeInvis .   a - +0 hand axe
rCold   . . .      Faith    .   (no shield)
rNeg    . . .      Spirit   .   (helmet restricted)
rPois   .          Reflect  .   (no amulet)
rElec   .          Harm     .   (no ring)
rCorr   .          Rampage  .   (no ring)
Will    .....                   (no ring)
Stlth   ++++......              (no ring)
HPRegen 0.07/turn               (no ring)
MPRegen 0.08/turn               (no ring)
                                (no ring)
                                (no ring)

@: corroded, flying
A: almost no armour, amphibious, 8 rings, camouflage 1, gelatinous body 1,
(nimble swimmer 1), tentacles
a: no special abilities


You were on level 6 of the Dungeon.
You visited 1 branch of the dungeon, and saw 3 of its levels.

Inventory:

Hand Weapons
 a - a +0 hand axe (weapon)
Wands
 f - a wand of digging (3)


   Skills:
 + Level 3.1 Fighting
 + Level 2.2 Axes
 + Level 2.2 Dodging
 + Level 6.7 Stealth


You had one spell level left.
You didn't know any spells.
Your spell library contained the following spells:

 Spells                   Type           Power      Damage    Failure   Level
 Cause Fear               Hex            0%         N/A       97%         4
 Dragon Form              Tmut           0%         N/A       100%        7
 Dragon's Call            Summ           0%         N/A       100%        9


Dungeon Overview and Level Annotations

Branches:
Dungeon (7/15)
 Temple: D:4-7

Altars:


Innate Abilities, Weirdness & Mutations

You cannot wear most types of armour.
You are amphibious.
You can wear up to eight rings at the same time.
Your skin changes colour to match your surroundings (Stealth+).
Your rubbery body absorbs attacks. (AC +1, EV +1)
((You are camouflaged when in or above water. (Stealth+)))
You have tentacles for arms and can constrict up to eight enemies at once.


Message History

Okay, then.
Okay, then.
As you read the scroll of fog, it crumbles to dust.
The scroll dissolves into smoke.
Your extra speed is starting to run out.
You feel yourself slow down.
The iguana hisses angrily.
There is a stone staircase leading down here.
You climb downwards.
There is a stone staircase leading up here.
You start resting.
HP restored.
As you read the scroll of magic mapping, it crumbles to dust.
You feel aware of your surroundings.
A jelly comes into view.
An adder comes into view.
The helpless adder fails to defend itself.
You hit the adder. Your grab misses the adder. You squeeze the adder!
The adder is almost dead.
The adder bites you but does no damage. The adder completely misses you.
You miss the adder. Your grab misses the adder.
The adder is almost dead.
The jelly quivers.
The adder bites you. The adder barely misses you.
You miss the adder. Your grab misses the adder.
The adder is almost dead.
The adder bites you.
You hit the adder.
You kill the adder!
You hit the jelly. The acid corrodes you!
Your tentacles burn!
The jelly hits you. The acid corrodes you!
You are splashed with acid!
Ouch! That really hurt!
* * * LOW HITPOINT WARNING * * *
You have reached level 2!
You aren't carrying any scrolls.
Unknown command.
It was a potion of flight.
You feel very buoyant.
You fly up into the air.
The jelly hits you.
You die...

,*,,,,,,,*****,*,*
,,,,,,,,,,,,...#.#
**,,,,,,,***#..#.#
********** #..#.#
*****,,,,,**#..#.#
,,,,+,,,,,+,#....#
*****,,,,,*,#....# *
*,,,,,*,#...†# *
*,,,,,*.#..J@###### *
*,,,,,*.#.........#
**#********.#.##.####.#
,,..,* *.#.....* #.#
***#.####*#.#.##..* #.# *
#.....*#.#.##..# #.# *
#.....##.#.##..# #.#
***#.....#....##..# #.#
,,,,,**##...#.....###.###


You could see a jelly.

Vanquished Creatures
  An adder (D:6)
1 creature vanquished.

Notes
Turn   | Place    | Note
-------+----------+-------------------------------------------
     0 | D:5      | croobank the Octopode Delver began the quest for the Orb.
     0 | D:5      | Reached XP level 1. HP: 16/16 MP: 1/1
    50 | D:5      | Noticed an orc priest
    88 | D:6      | Noticed an ogre
   139 | D:7      | Noticed a centaur
   156 | D:7      | Noticed an orc wizard
   156 | D:7      | Noticed an orc wizard
   158 | D:7      | Noticed a bullfrog
   182 | D:5      | Noticed an iguana
   220 | D:5      | Noticed a scorpion
   449 | D:6      | Noticed a jelly
   476 | D:6      | Reached XP level 2. HP: 2/21 MP: 2/2
   476 | D:6      | Slain by a jelly

Illustrated notes

Levels and vault maps discovered:
D:5:      layout_loops_ring, trog_wizard, biasface_ghost_orc_armoury
D:6:      layout_basic
D:7:      layout_cave_pools, chequers_serial_rivers_micro_c

Action                   || total
-------------------------++-------
Melee: Hand axe          ||     5
       Constrict         ||     1
       Tentacles         ||     1
  Use: Scroll            ||     3
       Potion            ||     2
 Stab: Sleeping          ||     1
Armor: Skin              ||     1
Dodge: Dodged            ||     2
